 Dungeon Crawl Stone Soup version 0.29-a0-231-g945431f764 (webtiles) character file.

Game seed: 5400869471586760388

197 Hasart the Shooter (level 5, -2/42 HPs)
             Began as a Demigod Hunter on Feb 28, 2022.
             Succumbed to a scorpion's poison
             ... on level 4 of the Dungeon.
             The game lasted 00:04:36 (3147 turns).

Hasart the Shooter (Demigod Hunter)                 Turns: 3147, Time: 00:04:37

Health: -2/42      AC:  4    Str: 13    XL:     5   Next: 22%
Magic:  7/7        EV: 12    Int: 13    God:
Gold:   130        SH:  0    Dex: 18    Spells: 4/4 levels left

rFire   + . .      SeeInvis .   a - +1 shortbow
rCold   + . .      Faith    .   (shield currently unavailable)
rNeg    . . .      Spirit   .   b - +0 leather armour
rPois   +          Reflect  .   m - +0 helmet
rElec   +          Harm     .   (no cloak)
rCorr   +          Rampage  .   (no gloves)
Will    .....                   (no boots)
Stlth   ++........              (no amulet)
HPRegen 0.14/turn               (no ring)
MPRegen 0.10/turn               (no ring)

@: lethally poisoned (-2 -> -25), resistant
A: high MP 1, forlorn, divine attributes
a: no special abilities


You were on level 4 of the Dungeon.
You visited 1 branch of the dungeon, and saw 4 of its levels.

You collected 130 gold pieces.

Inventory:

Hand Weapons
 a - a +1 shortbow (weapon)
Armour
 b - a +0 leather armour (worn)
 m - a +0 helmet (worn)
Jewellery
 i - an amulet of the acrobat
Wands
 o - a wand of mindburst (8)
Scrolls
 c - 4 scrolls of identify {unknown}
 e - a scroll of enchant weapon {unknown}
 f - 3 scrolls of vulnerability {unknown}
 h - 3 scrolls of teleportation {unknown}
 j - a scroll of summoning {unknown}
 k - 3 scrolls of blinking {unknown}
 n - a scroll of fear {unknown}
Potions
 g - a potion of curing {unknown}
 l - a potion of degeneration {unknown}


   Skills:
 + Level 2.7 Fighting
 * Level 4.8 Bows
 + Level 2.8 Dodging
 + Level 2.4 Stealth


You had 4 spell levels left.
You didn't know any spells.
Your spell library contained the following spells:

 Spells                   Type           Power      Damage    Failure   Level
 Apportation              Tloc           0%         N/A       36%         1
 Foxfire                  Conj/Fire      0%         2x1d4     36%         1
 Conjure Flame            Conj/Fire      0%         6-21      75%         3
 Inner Flame              Hex/Fire       0%         N/A       75%         3
 Flame Wave               Conj/Fire      0%         2d4       98%         4
 Alistair's Intoxication  Tmut/Pois      0%         N/A       100%        5


Dungeon Overview and Level Annotations

Branches:
Dungeon (4/15)
 Temple: D:4-7

Annotations:
D:3 2 transporters, 1 runed translucent door, Crazy Yiuf; gilleain's ghost, amateur HuCj


Innate Abilities, Weirdness & Mutations

You have an increased reservoir of magic. (+10% MP)
You shall have no god before yourself.
Your divine heritage dramatically boosts your attributes as you level up.


Message History

You shoot an arrow. The arrow hits the jelly.
The jelly is heavily wounded.
You shoot an arrow. The arrow hits the jelly.
The jelly is severely wounded.
A scorpion comes into view.
You shoot an arrow. The arrow hits the jelly!
You kill the jelly!
You shoot an arrow. The arrow barely misses the scorpion.
You shoot an arrow. The arrow barely misses the scorpion.
You shoot an arrow. The arrow closely misses the scorpion.
You shoot an arrow.
The arrow hits the scorpion but does no damage.
The scorpion closely misses you. The scorpion stings you.
You shoot an arrow. The arrow barely misses the scorpion.
The scorpion stings you.
You are poisoned.
The scorpion poisons you!
You shoot an arrow. The arrow closely misses the scorpion.
You feel very sick. The scorpion stings you!
You are more poisoned.
The scorpion poisons you! The scorpion stings you.
You are more poisoned.
The scorpion poisons you!
It was a potion of resistance.
You feel protected.
* * * LOW HITPOINT WARNING * * *
You feel extremely sick. The scorpion stings you.
* * * LOW HITPOINT WARNING * * *
You feel protected.
* * * LOW HITPOINT WARNING * * *
You feel extremely sick.
The scorpion stings you but does no damage.
Unknown command.
Shoot: a) +1 shortbow
Press: ? - help, Q - select action, (/) - cycle Shift-Dir - straight line, f/p - scorpion
Aim: a scorpion (65% to hit)
You shoot an arrow. The arrow closely misses the scorpion.
You die...

...... ......
#)...>. .......
##....... .
#........ ...
###s.......
.....##<.@.......
.................
.....###....†....
.... #.........
... .......... .#
#..........
##.........
##........
##.<...


You could see a scorpion.

Vanquished Creatures
  A jelly (D:4)
  Robin (D:2)
  3 adders
  4 gnolls
  3 worms
  4 dart slugs
  5 orcs
  3 endoplasms
  5 giant cockroaches
  16 goblins
  4 hobgoblins
  A quokka (D:1)
  6 ball pythons
  4 bats
  3 frilled lizards
  2 kobolds
  8 rats
73 creatures vanquished.

Vanquished Creatures (others)
  A fungus (D:3)
1 creature vanquished.

Grand Total: 74 creatures vanquished

Notes
Turn   | Place    | Note
-------+----------+-------------------------------------------
     0 | D:1      | Hasart the Demigod Hunter began the quest for the Orb.
     0 | D:1      | Reached XP level 1. HP: 17/17 MP: 3/3
   120 | D:1      | Reached skill level 1 in Stealth
   271 | D:1      | Reached XP level 2. HP: 23/24 MP: 4/4
   708 | D:2      | Reached skill level 4 in Bows
   969 | D:2      | Reached XP level 3. HP: 29/29 MP: 5/5
  1515 | D:3      | Noticed gilleain's ghost (amateur HuCj)
  1958 | D:3      | Reached XP level 4. HP: 31/37 MP: 6/6
  2373 | D:3      | Noticed Robin
  2412 | D:2      | Killed Robin
  2582 | D:3      | Found a transporter.
  2585 | D:3      | Found a transporter.
  2853 | D:3      | Identified the +3 dagger "Tiofisith" {speed, rPois}
  3072 | D:3      | Found a runed translucent door.
  3073 | D:3      | Noticed Crazy Yiuf
  3124 | D:4      | Reached XP level 5. HP: 42/42 MP: 7/7
  3147 | D:4      | Succumbed to a scorpion's poison

Illustrated notes

Levels and vault maps discovered:
D:1:      minmay_arrival_solitary_statue, layout_loops_cross,
          shapermc_ecumenical_altar_mp_vishouse, minmay_ruptured
D:2:      layout_basic, eino_tiny_chamber, minmay_crystal_room,
          minmay_misc_feat_enclosed
D:3:      layout_loops_corners, gammafunk_ghost_arena, uniq_crazy_yiuf_cottage,
          uniq_robin
D:4:      layout_cave_pods, kennysheep_path_1, st_stairs_12

Skill      XL: |  1  2  3  4 |
---------------+-------------+-----
Stealth        | 1 2 |  2.4
Fighting       | 2 |  2.7
Dodging        | 2 |  2.8
Bows           | 4 |  4.8

Action                   |  1- 3 |  4- 6 || total
-------------------------+-------+-------++-------
 Fire: Shortbow          |    92 |    78 ||   170
  Use: Potion            |       |     2 ||     2
Armor: Leather armour    |     3 |    12 ||    15
Dodge: Dodged            |     8 |    26 ||    34

Table legend: (Time is in decaauts)
 A = Elapsed time spent in this place.
 B = Non-inter-level travel time spent in this place.
 C = Inter-level travel time spent in this place.
 D = Time resting spent in this place.
 E = Time spent auto-exploring this place.
 F = Levels seen in this place.
 G = Mean time per level.
                   A        B        C        D        E       F      G
               +--------+--------+--------+--------+--------+-----+--------+
         Total |   3204 |   3008 |    196 |    232 |   2188 |   4 |  801.0 |
       Dungeon |   3204 |   3008 |    196 |    232 |   2188 |   4 |  801.0 |
               +--------+--------+--------+--------+--------+-----+--------+

Top non-repeatable levels by time:
     D:3: 1221 daAuts
     D:2: 1137 daAuts
     D:1: 812 daAuts
     D:4: 33 daAuts
